Cogmind - Beta 15 @@@ ROGUE MODE // 2025.07.19 @ 18:43:02 Player: naththebg Result: Destroyed by S-43 Plague with Heavy Machine Gun Performance ------------- Evolutions (7) 3500 Regions Visited (20) 4000 Robots Destroyed (350) 1750 Value Destroyed (15583) 15583 Prototype IDs (98) 1960 Alien Tech Used (0) 0 Bonus (10560) 10560 TOTAL SCORE: 37353 Bonus ------- Triggered High Security 1000 High Alert Combat Kills 5113 Follower Combat Kills 3600 Registered with UFD 300 Met Imprinter 300 Met Warlord at Base 500 MAIN.C Attacked Warlord 500 Warlord Defense Kills 126 Friendly Fire -879 Cogmind --------- Core Integrity 0/1300 Matter 9/300 Energy 99/100 System Corruption 15% Temperature Cool (0) Movement Core (50) Location -3/Armory Parts ------- > --- POWER (2) -------- (None) > --- PROPULSION (5) --- (None) > --- UTILITY (9) ------ (None) > --- WEAPON (5) ------- (None) > --- INVENTORY (5) ---- Gun Armor Advanced Hacking Suite Heavy Phase Cannon Hypervelocity Gauss Cannon Light Antimatter Cannon Peak State ------------ > --- POWER ------------ Vortex Chain Reactor > --- PROPULSION ------- Medium Treads Medium Treads Armored Medium Treads Armored Medium Treads Biometal Medium Treads > --- UTILITY ---------- Coolant Network High-capacity Storage Unit Spectral Analyzer Experimental Target Analyzer Improved Weapon Cycler Centrium Light Armor Plating Advanced Remote Shield A0-MCA's Component Scanner > --- WEAPON ----------- Light Antimatter Cannon Light Antimatter Cannon Linear Accelerator Linear Accelerator Linear Accelerator > --- INVENTORY -------- Light Treads Experimental Cooling System Experimental Cooling System Energy Well Experimental Matter Compressor Gun Armor Advanced Hacking Suite Hacking Drone Bay Phasing AFG Vortex Shotgun Vortex Shotgun Heavy Plasma Cannon Heavy Phase Cannon Nova Cannon Nova Cannon Hypervelocity Gauss Cannon Light Antimatter Cannon Chain Missile Launcher [Rating: 172] Favorites ----------- Power Angular Momentum Engine Engine Angular Momentum Engine Power Core Reinforced Fission Core Reactor Antimatter Reactor Propulsion Light Treads Treads Light Treads Leg Carbon-fiber Leg Wheel Wheel Utility High-capacity Storage Unit Device Improved Cooling System Storage High-capacity Storage Unit Processor A0-MCA's Component Scanner Hackware Hacking Suite Protection Improved Heavy Armor Plating Weapon Gauss Cannon Energy Gun Subdweller Laser Energy Cannon Cooled Particle Cannon Ballistic Gun Enhanced Coil Gun Ballistic Cannon Gauss Cannon Launcher Long-range Missile Launcher Special Weapon Improved Plasma Cutter Build | -11 -10 -10 -10 -8 -8 -6 -6 -6 -6 -6 -6 -5 -5 -5 -5 -5 -4 -4 -3 -3 ------- Run | Yrd Mat Min Sub Rec Scr Fac Was Fac Low Low Zio Pro Fac Upp Upp War Pro Fac Res Arm Slots Evolved 14 | . . . . . . 8 . . . . . . 2 . . . . 2 2 . Power 1 | . . . . . . . . . . . . . . . . . . 1 . . Propulsion 3 | . . . . . . 2 . . . . . . 1 . . . . . . . Utility 7 | . . . . . . 4 . . . . . . 1 . . . . 1 1 . Weapon 3 | . . . . . . 2 . . . . . . . . . . . . 1 . Parts Attached 171 | 5 4 5 9 5 2 22 6 8 8 11 5 5 26 4 2 4 6 3 31 . Power 12 | 1 . 1 . 1 . 1 1 . . 1 . 2 1 . . . . 1 2 . Engine 5 | 1 . 1 . . . 1 . . . 1 . . 1 . . . . . . . Core 3 | . . . . 1 . . . . . . . 2 . . . . . . . . Reactor 4 | . . . . . . . 1 . . . . . . . . . . 1 2 . Propulsion 54 | 2 . 2 . 2 1 5 2 . 2 5 . 3 10 3 1 3 3 . 10 . Treads 43 | . . 2 . 2 1 5 2 . 2 4 . 3 3 3 1 3 3 . 9 . Leg 4 | 2 . . . . . . . . . 1 . . . . . . . . 1 . Wheel 7 | . . . . . . . . . . . . . 7 . . . . . . . Hover . | . . . . . . . . . . . . . . . . . . . . . Flight . | . . . . . . . . . . . . . . . . . . . . . Utility 56 | 1 2 1 2 1 1 10 1 3 5 4 4 . 7 1 1 . 2 1 9 . Device 28 | . . 1 1 . . 4 1 2 4 1 2 . 4 . 1 . 2 1 4 . Storage 6 | 1 1 . . . . 1 . . . 1 . . . 1 . . . . 1 . Processor 6 | . . . . . . 2 . . . . 2 . . . . . . . 2 . Hackware 1 | . . . . . . . . 1 . . . . . . . . . . . . Protection 15 | . 1 . 1 1 1 3 . . 1 2 . . 3 . . . . . 2 . Artifact . | . . . . . . . . . . . . . . . . . . . . . Weapon 49 | 1 2 1 7 1 . 6 2 5 1 1 1 . 8 . . 1 1 1 10 . Energy Gun 8 | 1 . . 3 . . 2 . . . . . . . . . . . . 2 . Energy Cannon 10 | . . . 1 . . 3 . . . . . . 5 . . . . 1 . . Ballistic Gun 5 | . 2 . . . . . . . . 1 . . 2 . . . . . . . Ballistic Cannon 20 | . . 1 1 1 . . 2 4 1 . 1 . 1 . . . . . 8 . Launcher 5 | . . . 2 . . 1 . 1 . . . . . . . . 1 . . . Special Weapon 1 | . . . . . . . . . . . . . . . . 1 . . . . Impact Weapon . | . . . . . . . . . . . . . . . . . . . . . Slashing Weapon . | . . . . . . . . . . . . . . . . . . . . . Piercing Weapon . | . . . . . . . . . . . . . . . . . . . . . Special Melee Weapon . | . . . . . . . . . . . . . . . . . . . . . Unidentified Prototypes 6 | . . 1 1 . . 2 . . 1 1 . . . . . . . . . . Corrupted Parts 7 | . . . . . . . . . . . 1 4 . . . 1 1 . . . System Corruption 25 | . . . . . . . . . . . 1 21 . . . 2 1 . . . Parts Lost 60 | . . . 1 . . 1 . 1 1 8 . . 13 1 1 . 1 . 32 . Power 4 | . . . . . . . . . . 1 . . . . . . . . 3 . Propulsion 25 | . . . . . . . . . . 3 . . 7 1 1 . 1 . 12 . Utility 15 | . . . 1 . . . . 1 1 1 . . 2 . . . . . 9 . Weapon 16 | . . . . . . 1 . . . 3 . . 4 . . . . . 8 . Highest Loss Streak 7 | . . . 1 . . 1 . 1 1 7 . . 6 1 1 . 1 . 6 . To Critical Strikes . | . . . . . . . . . . . . . . . . . . . . . Average Backups 16 | 4 7 7 10 17 17 13 15 17 15 16 19 20 19 19 19 19 17 17 17 5 Power 1 | . 1 1 1 2 2 1 1 1 1 . . . 1 1 1 1 1 1 . . Propulsion 1 | 2 3 1 . 1 1 . 1 2 . . . 1 1 3 3 2 . . . . Utility 7 | . . 1 3 5 5 6 7 8 9 11 13 13 10 8 8 8 9 8 8 2 Weapon 5 | 1 2 3 4 7 7 4 5 5 4 4 6 4 6 6 6 6 7 8 7 3 Tool/Special . | . . . . . . . . . . . . . . . . . . . . . Unused Backups 53 | . 2 . 3 1 4 7 1 2 . 4 6 2 6 1 . 1 . . 9 4 Power 4 | . . . 1 . . 3 . . . . . . . . . . . . . . Propulsion 7 | . 2 . . . 1 1 1 . . . . 1 . . . 1 . . . . Utility 20 | . . . 1 . 2 . . 1 . 4 1 . 4 1 . . . . 4 2 Weapon 21 | . . . 1 1 1 2 . 1 . . 5 1 2 . . . . . 5 2 Tool/Special 1 | . . . . . . 1 . . . . . . . . . . . . . . Average Slot Usage (%) 92 | . 97 100 94 100 100 91 81 79 74 72 95 100 96 99 99 99 99 94 89 . Engine 4 | . 14 14 14 5 . 4 4 . . . 6 5 1 5 5 3 . . . . Core 2 | . . . . 8 14 1 . . . . . . 3 . . 1 5 5 1 . Reactor 1 | . . . . . . . 1 6 6 4 . . . . . . . . 6 . Treads 22 | . . 12 28 28 28 25 14 13 12 13 20 23 25 25 28 29 28 26 20 . Leg 1 | . 28 15 . . . . . . . 1 6 2 . . . . . . . . Device 13 | . . 6 12 . . 9 13 11 12 13 21 20 17 17 18 23 23 24 15 . Storage 8 | . 14 14 14 14 14 6 6 6 6 7 6 6 5 10 9 5 5 6 3 . Processor 6 | . . . . . . 4 6 6 6 4 8 13 11 11 11 11 11 10 13 . Protection 4 | . 12 7 1 14 14 10 6 6 3 2 . . 3 . . . . . 3 . Energy Gun 1 | . . . 5 . . 2 6 . . . . . . . . . . . . . Energy Cannon 3 | . . . 6 . . 9 6 4 . . . . 7 5 5 4 5 15 5 . Ballistic Gun 2 | . 26 26 1 . . . . . . . . . . 11 11 10 10 3 . . Ballistic Cannon 14 | . . 1 5 19 28 13 13 21 23 20 18 25 12 5 5 4 4 1 14 . Launcher 1 | . . . 5 8 . . . . . . 3 . 1 . . . . . . . Peak Build Rating 172 | 5 7 16 18 19 22 63 87 88 92 90 76 78 91 101 101 109 114 114 172 3 Average Rating 66 | 2 6 11 13 18 19 55 82 86 76 70 68 75 86 99 100 97 110 108 141 3 On Entrance 57 | . 5 7 8 16 19 22 63 87 80 73 53 76 78 83 101 98 109 109 113 3 Naked Turns 104 | . . . . . . . . . . 45 . . . . . . . . 13 46 Heaviest Build 140 | 12 17 18 57 62 61 91 102 107 110 110 94 97 107 87 87 92 101 117 140 . Greatest Support 148 | 20 20 40 40 40 43 83 140 140 140 140 60 89 119 132 132 139 139 126 148 3 Greatest Overweight (x) 19 | . . . 1 1 1 1 1 . 19 1 1 1 7 2 . . . . 4 . Average Overweight (x) . | . . . . 1 1 . . . . . . 1 . . . . . . . . Largest Inventory Capacity 20 | 8 20 8 20 20 20 20 20 20 20 20 20 20 20 20 20 20 20 20 20 5 Average Capacity 18 | 6 8 8 12 20 20 15 17 20 20 18 20 20 20 20 20 20 20 20 19 5 Most Carried 20 | 7 8 8 20 20 20 19 20 20 20 20 20 20 20 20 20 20 20 20 20 5 Average Carried 17 | 5 7 7 11 19 19 14 16 19 17 17 19 19 19 19 19 19 19 19 18 5 Final Capacity 20 | 8 8 8 20 20 20 15 20 20 20 20 20 20 20 20 20 20 20 20 5 5 Final Carried 20 | 7 7 8 20 20 20 15 20 20 20 18 20 20 20 20 20 20 20 20 5 5 Class Distribution -------------------- 35% | Scavenger-Tank 33% | Mutant 20% | Scavenger-Gunner 3% | Derelict-Tank 3% | Tank Dominant Class ---------------- Mutant | -10/Materials Mutant | -10/Mines Mutant | -10/Subcaves Mutant | -8/Recycling Mutant | -8/Scraptown Derelict-Tank | -6/Factory Scavenger-Tank | -6/Waste Scavenger-Tank | -6/Factory Scavenger-Tank | -6/Lower Caves Scavenger-Tank | -6/Lower Caves Scavenger-Tank | -6/Zion Scavenger-Tank | -5/Proximity Caves Scavenger-Tank | -5/Factory Scavenger-Gunner | -5/Upper Caves Scavenger-Gunner | -5/Upper Caves Scavenger-Gunner | -5/Warlord Scavenger-Tank | -4/Proximity Caves Scavenger-Gunner | -4/Factory Scavenger-Gunner | -3/Research Mutant | -3/Armory Resources | -11 -10 -10 -10 -8 -8 -6 -6 -6 -6 -6 -6 -5 -5 -5 -5 -5 -4 -4 -3 -3 ----------- Run | Yrd Mat Min Sub Rec Scr Fac Was Fac Low Low Zio Pro Fac Upp Upp War Pro Fac Res Arm Matter Collected 15993 | 245 185 162 482 306 20 1273 203 1805 1133 753 116 150 2395 322 588 130 535 58 5132 . Remotely 2700 | . . . . . . . . 382 . . . . 640 . . . . . 1678 . Salvage Created 14842 | . 234 177 270 266 . 1335 432 1776 611 194 . 67 3348 248 541 . 847 242 4254 . Parts 550 | . 15 11 14 13 . 38 . 76 20 7 . 5 155 9 23 . 23 9 132 . Haulers Intercepted 11 | . 1 . . . . 2 . 2 . . . . 4 . . . . . 2 . Recyclers Shooed 22 | . . . . 3 . 2 . 3 . . . . 12 . . . . . 2 . Parts Field Recycled . | . . . . . . . . . . . . . . . . . . . . . Retrieved Matter . | . . . . . . . . . . . . . . . . . . . . . Parts Self-Destructed 141 | . . . 17 . . . . . 18 27 . 24 . 6 24 . 25 . . . Prevented 70 | . . . . . . . . . . 19 . 24 . 7 12 . 8 . . . Kills | -11 -10 -10 -10 -8 -8 -6 -6 -6 -6 -6 -6 -5 -5 -5 -5 -5 -4 -4 -3 -3 ------- Run | Yrd Mat Min Sub Rec Scr Fac Was Fac Low Low Zio Pro Fac Upp Upp War Pro Fac Res Arm Combat Hostiles Destroyed 241 | . 5 4 8 1 . 18 1 20 11 6 . 2 50 1 10 1 14 6 83 . Melee 1 | . . . . . . . . . . . . . . . . . . . 1 . Guns 37 | . 5 2 . . . 3 . . . . . . . . 8 . 8 . 11 . Cannons 154 | . . 2 . 1 . 14 1 16 11 6 . 1 37 1 2 1 2 3 56 . AOE 47 | . . . 8 . . . . 4 . . . 1 13 . . . 4 3 14 . Classes Destroyed 26 | . 5 . 2 2 . 3 1 2 2 1 . . 4 1 1 . . . 2 . Worker 20 | . . . . . . 1 . 4 . . . . 13 . . . . 1 1 . Builder 21 | . . . . . . 3 . 6 . . . . 8 . . . . . 4 . Tunneler 3 | . . . . . . . . . . . . . 3 . . . . . . . Hauler 11 | . 1 . . . . 2 . 2 . . . . 4 . . . . . 2 . Recycler 30 | . . . . 4 . 3 . 7 . . . . 6 . . . . . 10 . Minesweeper 2 | . . . . . . . . . 2 . . . . . . . . . . . Mechanic 4 | . . . . . . . . . . . . . 3 . . . 1 . . . Operator 1 | . 1 . . . . . . . . . . . . . . . . . . . Turret 2 | . . . 2 . . . . . . . . . . . . . . . . . Watcher 13 | . 2 . . . . 2 . 2 . . . . 5 . . . . . 2 . Swarmer 31 | . 3 . 4 . . . . 5 . 1 . 1 2 . 2 . . 3 10 . Saboteur 3 | . . . . . . . . . . . . . 1 . . . . . 2 . Grunt 113 | . 2 4 . . . 15 . 6 8 1 . 1 28 . 4 . 11 . 33 . Brawler 9 | . . . . . . . . 1 . 1 . . 2 . . . 1 . 4 . Duelist 13 | . . . . . . . . . . 1 . . 7 . . . . . 5 . Protector 3 | . . . . . . . . . . . . . . . . . . . 3 . Sentry 13 | . . . . 1 . 2 . 2 . . . . 1 1 . . 1 1 4 . Demolisher 3 | . . . . . . . . . . . . . 1 . . 1 1 . . . Hunter 14 | . . . . . . . . 3 2 1 . . 4 . . . . . 4 . Programmer 31 | . . . . . . 1 . 3 . 1 . . 4 . 3 . . 2 17 . Heavy 1 | . . . . . . . . . . . . . . . . . . . 1 . Behemoth 1 | . . . . . . . . . 1 . . . . . . . . . . . Compactor 1 | . . . . . . . 1 . . . . . . . . . . . . . Subdweller 5 | . . . 5 . . . . . . . . . . . . . . . . . Samaritan 4 | . . . . . . . . . . . . . . 4 . . . . . . Wizard 1 | . . . . . . . . . . . . . . . . . . . 1 . Mutant 1 | . . . . . . . . . . . . . . . 1 . . . . . Best Kill Streak 15 | . 4 2 5 3 . 6 1 9 4 4 . 1 15 1 2 1 5 3 15 . Combat Bots Only 13 | . 3 2 3 1 . 3 1 9 4 4 . 1 7 1 2 1 4 3 13 . Max Kills in Single Turn 4 | . 1 1 3 2 . 2 1 3 1 1 . 1 4 1 1 1 2 3 4 . Gunslinging . | . . . . . . . . . . . . . . . . . . . . . Exploded 3 | . . . 2 . . . . 2 . . . 1 3 . . . 2 3 3 . Melee 1 | . . . . . . . . . . . . . . . . . . . 1 . Uniques/NPCs Destroyed . | . . . . . . . . . . . . . . . . . . . . . Combat | -11 -10 -10 -10 -8 -8 -6 -6 -6 -6 -6 -6 -5 -5 -5 -5 -5 -4 -4 -3 -3 -------- Run | Yrd Mat Min Sub Rec Scr Fac Was Fac Low Low Zio Pro Fac Upp Upp War Pro Fac Res Arm Hostile Shots Fired 1411 | . 33 14 30 4 . 151 . 101 80 76 . 16 246 5 12 . 52 24 523 44 Missed 413 | . 11 . 8 1 . 45 . 27 14 10 . 5 75 1 5 . 18 13 156 24 Hits 998 | . 22 14 22 3 . 106 . 74 66 66 . 11 171 4 7 . 34 11 367 20 Melee 12 | . . . . . . . . . . 5 . . . . . . . . 7 . Projectile 986 | . 22 14 22 3 . 106 . 74 66 61 . 11 171 4 7 . 34 11 360 20 AOE 4 | . . . . . . . . . . . . . 1 . 1 2 . . . . Critical Strikes 45 | . 1 1 . . . 2 . . 6 2 . . 9 . . . . 2 22 . Part Disruptions 5 | . . . . . . . . . . . . . 1 1 1 . . . 2 . Damage Taken 19381 | . 239 203 595 42 . 1504 . 1086 1333 1468 . 252 2898 145 303 82 812 235 7732 452 Core 2308 | . 32 58 51 . . 102 . 44 173 152 . 41 218 . 27 . 105 . 853 452 Absorbed by Shields 1321 | . . . . . . . . 65 . 26 . 98 468 . . . 43 . 621 . Reduced by Siege Mode 188 | . . . . . . . . 37 108 43 . . . . . . . . . . Regen/Repaired (Parts) 947 | . 79 . . . . . . . . . 733 . . . . 135 . . . . Core Remaining (%) 69 | 100 . . . . 43 . . . . . . 39 . . . . 65 100 . . Volleys Fired 784 | . 28 9 106 8 . 97 10 68 48 18 1 4 147 9 25 2 23 8 173 . Largest 5 | . 2 2 2 2 . 4 4 4 4 4 1 4 4 4 4 4 4 4 5 . Hottest 310 | . 40 50 140 66 . 225 239 218 192 184 40 168 213 137 137 137 160 240 310 . Shots Fired 2284 | . 56 18 132 11 . 272 38 235 126 70 1 14 428 31 73 8 77 32 662 . Gun 296 | . 56 16 43 . . 25 10 . . . . . 1 18 32 4 40 2 49 . Cannon 1923 | . . 2 63 11 . 247 28 231 126 70 1 13 402 13 41 4 34 30 607 . Launcher 65 | . . . 26 . . . . 4 . . . 1 25 . . . 3 . 6 . Special . | . . . . . . . . . . . . . . . . . . . . . Kinetic 1584 | . 56 18 38 11 . 161 18 205 104 70 1 13 216 22 57 6 60 2 526 . Thermal 594 | . . . 76 . . 111 20 26 22 . . . 187 9 16 2 14 30 81 . Explosive 57 | . . . 18 . . . . 4 . . . 1 25 . . . 3 . 6 . Electromagnetic . | . . . . . . . . . . . . . . . . . . . . . Entropic 49 | . . . . . . . . . . . . . . . . . . . 49 . Robot Hit Streak 22 | . 11 15 11 5 . 13 15 22 12 11 . 4 12 18 11 3 13 8 19 . Robot Miss Streak 13 | . 2 3 2 1 . 4 1 7 4 7 . 1 5 3 3 1 3 2 13 . Penetration Max 1 | . . . . . . . . 1 . 1 . . 1 1 1 . 1 . . . Secondary Targets 1 | . . 1 . . . . . . . . . . . . . . . . . . Max Gunslinging Chain 1 | . . 1 . . . . . . . . . . . . . . . . . . Shots Hit Robots 1268 | . 36 15 34 8 . 172 33 118 62 31 . 9 230 21 43 5 52 19 380 . Core Hits 689 | . 15 8 21 5 . 60 4 65 26 15 . 7 175 11 20 2 39 10 206 . Critical Kills 28 | . . . . . . . . 12 9 . . . 4 . 3 . . . . . Critical Parts Destroyed 58 | . . 1 . . . . . 18 10 6 . 1 5 1 3 . 1 . 12 . Critical Strikes 167 | . . 1 . 1 . 12 2 42 20 9 . 2 29 1 7 . 2 . 39 . Meltdown 1 | . . . . . . . . 1 . . . . . . . . . . . . Destroy 76 | . . 1 . . . . . 30 19 7 . 1 10 1 6 . 1 . . . Blast 78 | . . . . 1 . 12 2 11 1 2 . 1 19 . 1 . 1 . 27 . Detonate 12 | . . . . . . . . . . . . . . . . . . . 12 . Melee Attacks . | . . . . . . . . . . . . . . . . . . . . . Impact . | . . . . . . . . . . . . . . . . . . . . . Slashing . | . . . . . . . . . . . . . . . . . . . . . Piercing . | . . . . . . . . . . . . . . . . . . . . . Sneak Attacks . | . . . . . . . . . . . . . . . . . . . . . Combat Hostiles . | . . . . . . . . . . . . . . . . . . . . . Follow-up Attacks . | . . . . . . . . . . . . . . . . . . . . . Damage Inflicted 52273 | . 468 197 1790 199 . 4250 946 4001 1575 965 . 441 11458 623 1743 222 2402 1163 19830 . Guns 5873 | . 466 161 274 . . 367 130 . . . . . . 373 835 114 997 28 2128 . Cannons 35051 | . . 36 251 193 . 3873 816 3288 1575 965 . 303 7129 250 908 108 607 774 13975 . Explosions 11114 | . . . 1265 . . . . 659 . . . 138 4298 . . . 798 294 3662 . Melee . | . . . . . . . . . . . . . . . . . . . . . Ramming 235 | . 2 . . 6 . 10 . 54 . . . . 31 . . . . 67 65 . Kinetic 28819 | . 466 197 411 193 . 2530 495 2824 947 965 . 303 4012 461 1420 194 1333 28 12040 . Thermal 12880 | . . . 525 . . 1710 451 586 628 . . . 3419 162 323 28 271 774 4003 . Explosive 7887 | . . . 854 . . . . 453 . . . 138 3756 . . . 798 294 1594 . Electromagnetic 324 | . . . . . . . . 84 . . . . 240 . . . . . . . Impact . | . . . . . . . . . . . . . . . . . . . . . Slashing . | . . . . . . . . . . . . . . . . . . . . . Piercing . | . . . . . . . . . . . . . . . . . . . . . Entropic 2128 | . . . . . . . . . . . . . . . . . . . 2128 . Highest Corruption 21 | . . . . . . 3 3 5 5 5 5 21 9 11 11 11 1 . 15 15 Average Corruption 5 | . . . . . . 2 3 3 5 5 4 16 3 10 11 8 1 . 7 15 Corruption Purged . | . . . . . . . . . . . . . . . . . . . . . Corruption Blocked . | . . . . . . . . . . . . . . . . . . . . . Effects 341 | . . . . . . 22 9 25 58 34 1 3 20 18 54 2 8 . 81 6 Message Errors 71 | . . . . . . 4 3 2 14 9 1 1 4 5 10 1 . . 16 1 Matter Fused 69 | . . . . . . 5 2 6 14 5 . . 3 3 17 . . . 14 . Heat Flow Errors 38 | . . . . . . 4 . 6 11 3 . . 2 2 5 . 1 . 4 . Energy Discharges 42 | . . . . . . 3 2 4 6 2 . 1 4 6 8 . 1 . 5 . Parts Rejected 6 | . . . . . . . . . . 1 . . 1 . 1 . . . 3 . Parts Fused 3 | . . . . . . . 1 . . 2 . . . . . . . . . . Data Loss (minor) 43 | . . . . . . 1 1 3 5 5 . . . 2 7 . 6 . 13 . Data Loss (major) 17 | . . . . . . 1 . 1 1 6 . . 1 . 3 . . . 4 . Misfires 15 | . . . . . . . . 2 3 1 . 1 4 . 1 . . . 3 . Alerts 6 | . . . . . . . . . 1 . . . . . 1 1 . . 3 . Misdirections 7 | . . . . . . . . . . . . . . . . . . . 2 5 Weapon Failures 24 | . . . . . . 4 . 1 3 . . . 1 . 1 . . . 14 . Overload Shots 5 | . . . . . . . . . . . . . 5 . . . . . . . Effects 1 | . . . . . . . . . . . . . 1 . . . . . . . Heat Surge 1 | . . . . . . . . . . . . . 1 . . . . . . . Overflow Damage 1577 | . . . 127 . . 46 . 113 24 2 . 32 297 14 23 . 8 184 707 . Projectiles 824 | . . . . . . 46 . 90 24 2 . 32 101 14 23 . . 46 446 . Explosions 708 | . . . 127 . . . . 23 . . . . 196 . . . 8 117 237 . Melee 45 | . . . . . . . . . . . . . . . . . . 21 24 . Knockbacks 225 | . . . . 1 . 28 . 28 7 7 . 3 36 1 2 1 5 1 105 . Impact 3 | . . . . . . . . 1 . . . . . . . . . 1 1 . Kinetic 199 | . . . . 1 . 25 . 25 7 6 . 3 31 1 2 1 4 . 93 . Secondary 23 | . . . . . . 3 . 2 . 1 . . 5 . . . 1 . 11 . Self-Inflicted Damage 738 | . . . 128 . . . . . . . . 47 91 . . . . . 472 . Shots 18 | . . . 6 . . . . . . . . 1 3 . . . . . 8 . Rammed 15 | . . . . 1 . 2 . 3 . . . . 3 . . . . 3 3 . Targets Rammed 17 | . 1 1 . 1 . 2 . 3 . . . . 3 . . . . 3 3 . Kicked 2 | . 1 1 . . . . . . . . . . . . . . . . . . Crushed . | . . . . . . . . . . . . . . . . . . . . . Highest Temperature 772 | . 36 65 72 90 . 318 311 240 772 213 . 21 260 234 200 26 224 96 384 . Average Temperature 71 | . 16 44 18 29 . 83 153 56 115 62 . 15 39 69 37 19 80 49 74 . Received Heat Transfer 4708 | . 126 129 81 9 . 486 . 252 1334 162 . 27 768 18 72 . 178 97 969 . Effects 13 | . . . . . . 2 . . 11 . . . . . . . . . . . Shutdowns 1 | . . . . . . . . . 1 . . . . . . . . . . . Interference 8 | . . . . . . 2 . . 6 . . . . . . . . . . . Matter Decay 2 | . . . . . . . . . 2 . . . . . . . . . . . Short Circuit 2 | . . . . . . . . . 2 . . . . . . . . . . . Siege Activations 15 | . . . . . . . 1 7 5 2 . . . . . . . . . . Total Turns 285 | . . . . . . . 31 120 98 36 . . . . . . . . . . Longest Duration 36 | . . . . . . . 31 34 36 26 . . . . . . . . . . Martial Activations . | . . . . . . . . . . . . . . . . . . . . . Shielding Activations . | . . . . . . . . . . . . . . . . . . . . . Robots Disrupted . | . . . . . . . . . . . . . . . . . . . . . Combat Hostiles . | . . . . . . . . . . . . . . . . . . . . . Robots Corrupted 1 | . . . . . . . . . . . . . . . . . . 1 . . Combat Hostiles . | . . . . . . . . . . . . . . . . . . . . . Parts Fried 5 | . . . . . . . . . . . . . 3 . . . . 1 1 . Impact Corruptions 2 | . . . . . . . . . . . . . . . . . . 1 1 . Robots Melted 3 | . . . . . . 1 . 1 . . . . . . . . . . 1 . Combat Hostiles 2 | . . . . . . 1 . . . . . . . . . . . . 1 . Parts Melted 16 | . . . . . . 2 . . 1 . . . 5 . . . . . 8 . Heat Transferred 15299 | . . . 719 . . 2593 759 800 950 . . . 4272 222 407 37 370 768 3402 . Parts Sabotaged 6 | . . . . . . . . . . . . . . . . . . . 6 . Parts Stolen . | . . . . . . . . . . . . . . . . . . . . . Parts Stripped . | . . . . . . . . . . . . . . . . . . . . . Power Chain Reactions 1 | . . . . . . . . 1 . . . . . . . . . . . . Alert | -11 -10 -10 -10 -8 -8 -6 -6 -6 -6 -6 -6 -5 -5 -5 -5 -5 -4 -4 -3 -3 ------- Run | Yrd Mat Min Sub Rec Scr Fac Was Fac Low Low Zio Pro Fac Upp Upp War Pro Fac Res Arm Maximum Alert Level 5 | . . . . . . 1 . 3 . . . . 5 . . . . 2 5 4 Low Security (%) 47 | 100 100 100 . 100 . 62 100 73 . . . . 2 . . . . 34 2 . Level 1 15 | . . . . . . 37 . 7 . . . . 11 . . . . 40 22 . Level 2 10 | . . . . . . . . 10 . . . . 17 . . . . 24 22 . Level 3 12 | . . . . . . . . 8 . . . . 40 . . . . . 18 . Level 4 8 | . . . . . . . . . . . . . 20 . . . . . 18 100 Level 5 . | . . . . . . . . . . . . . 1 . . . . . . . High Security 4 | . . . . . . . . . . . . . 6 . . . . . 14 . Max Security . | . . . . . . . . . . . . . . . . . . . . . Peak Influence 2512 | . 74 50 . 56 . 387 135 890 . . . . 1729 . . . . 632 2512 1398 Initial 1318 | . . . . 56 . . 135 . . . . . 254 . . . . 55 320 1318 Average 440 | . 31 6 . 6 . 123 31 172 . . . . 884 . . . . 264 935 1364 Influence Increases 12826 | . 158 100 267 122 . 816 3 1174 280 264 . 605 3369 297 547 170 462 844 3258 90 Destroy 0b10 Robot/C 6440 | . 100 80 180 60 . 420 . 400 220 180 . 360 1420 200 380 120 380 220 1720 . Destroy 0b10 Robot/NC 600 | . 20 . . 20 . 55 . 105 10 . . 10 235 . . . 5 20 120 . Destroy Leader 1114 | . 16 20 10 . . 98 . 108 50 20 . 40 288 20 50 . 30 54 310 . Allied During Kill 985 | . . . 62 24 . 17 . . . 19 . 195 219 77 117 50 47 69 89 . Successful Hack 103 | . 21 . . 18 . 5 . 50 . . . . . . . . . . 9 . Disable Machine 1080 | . . . . . . 75 . 315 . . . . 420 . . . . 105 165 . Anti-Garrison Action 150 | . . . . . . . . . . . . . . . . . . 150 . . Destroy Structure 1784 | . 1 . . . . 26 3 196 . . . . 562 . . . . 226 770 . Advance Influence 150 | . . . . . . . . . . . . . 150 . . . . . . . Partial Spotted 60 | . . . . . . . . . . . . . . . . . . . . 60 Lose Combat Pursuer 360 | . . . 15 . . 120 . . . 45 . . 75 . . . . . 75 30 Influence Decreases 11438 | . 158 74 175 240 . 429 390 288 974 450 6 439 1806 968 928 789 432 322 1356 1214 Entered New Map 3856 | . . . 14 62 . . 252 . 328 38 6 . 62 640 202 677 58 33 290 1194 Time Decay 5312 | . 158 74 141 178 . 379 138 278 636 342 . 419 604 278 556 12 244 209 646 20 Lost Part 580 | . . . . . . 10 . 10 10 70 . . 130 10 10 . 10 . 320 . Lost Ally 940 | . . . 20 . . 40 . . . . . 20 260 40 160 100 120 80 100 . Purge Threat 750 | . . . . . . . . . . . . . 750 . . . . . . . Squads Dispatched 76 | . 1 . . . . 5 . 6 . 1 . . 23 . . . 1 4 34 1 Investigation 5 | . . . . . . 1 . 1 . . . . 2 . . . . . 1 . Extermination 14 | . . . . . . 2 . 2 . . . . 3 . . . . 1 6 . Reinforcement 17 | . 1 . . . . 2 . 2 . . . . 6 . . . . . 5 1 Assault 35 | . . . . . . . . 1 . 1 . . 9 . . . 1 2 21 . Garrison 5 | . . . . . . . . . . . . . 3 . . . . 1 1 . Intercept . | . . . . . . . . . . . . . . . . . . . . . Searches Triggered . | . . . . . . . . . . . . . . . . . . . . . Construction Impeded 7 | . . . . . . . . 1 . . . . 3 . . . . . 3 . Haulers Reinforced 6 | . . . . . . 2 . . . . . . 3 . . . . . 1 . Active Scanning Responses . | . . . . . . . . . . . . . . . . . . . . . Cargo Convoy Interrupts . | . . . . . . . . . . . . . . . . . . . . . Stealth | -11 -10 -10 -10 -8 -8 -6 -6 -6 -6 -6 -6 -5 -5 -5 -5 -5 -4 -4 -3 -3 --------- Run | Yrd Mat Min Sub Rec Scr Fac Was Fac Low Low Zio Pro Fac Upp Upp War Pro Fac Res Arm Distress Signals 15 | . 2 . . . . 2 . 1 . . . 1 4 . . . . 2 2 1 Communications Jammed . | . . . . . . . . . . . . . . . . . . . . . Distress Signals . | . . . . . . . . . . . . . . . . . . . . . Times Spotted 454 | . 11 4 25 1 . 29 1 26 10 18 . 17 80 11 21 13 20 19 137 11 Peak Tracking Total 29 | . 3 2 6 . . 6 . 7 4 9 . 4 8 4 4 13 7 9 29 10 Tactical Retreats 20 | . . . 1 . . 6 . . . 2 . . 5 . . . . . 5 1 Traps | -11 -10 -10 -10 -8 -8 -6 -6 -6 -6 -6 -6 -5 -5 -5 -5 -5 -4 -4 -3 -3 ------- Run | Yrd Mat Min Sub Rec Scr Fac Was Fac Low Low Zio Pro Fac Upp Upp War Pro Fac Res Arm Traps Triggered 5 | . . . 1 . . 2 . 1 . . . . . 1 . . . . . . Indirectly . | . . . . . . . . . . . . . . . . . . . . . Trap Hack Attempts . | . . . . . . . . . . . . . . . . . . . . . Triggered . | . . . . . . . . . . . . . . . . . . . . . Disarmed . | . . . . . . . . . . . . . . . . . . . . . Reprogrammed . | . . . . . . . . . . . . . . . . . . . . . Reused . | . . . . . . . . . . . . . . . . . . . . . Traps Extracted . | . . . . . . . . . . . . . . . . . . . . . Installed . | . . . . . . . . . . . . . . . . . . . . . Triggered . | . . . . . . . . . . . . . . . . . . . . . Most Traps Carried 1 | . . . . . . . . . 1 1 . . . . . . . . . . Machines | -11 -10 -10 -10 -8 -8 -6 -6 -6 -6 -6 -6 -5 -5 -5 -5 -5 -4 -4 -3 -3 ---------- Run | Yrd Mat Min Sub Rec Scr Fac Was Fac Low Low Zio Pro Fac Upp Upp War Pro Fac Res Arm Machines Disabled 81 | . . . 5 . . 5 . 21 . 1 . . 28 . . 1 1 8 11 . Max in Single Turn 11 | . . . 2 . . 1 . 6 . 1 . . 11 . . 1 . 4 1 . Garrison Access 1 | . . . . . . . . . . . . . . . . . . 1 . . Machines Repaired . | . . . . . . . . . . . . . . . . . . . . . Machines Dismantled 1 | . . . . . . . . . . . . . . . . 1 . . . . Machines Sabotaged . | . . . . . . . . . . . . . . . . . . . . . Overloaded Fab Kills . | . . . . . . . . . . . . . . . . . . . . . Hacking | -11 -10 -10 -10 -8 -8 -6 -6 -6 -6 -6 -6 -5 -5 -5 -5 -5 -4 -4 -3 -3 --------- Run | Yrd Mat Min Sub Rec Scr Fac Was Fac Low Low Zio Pro Fac Upp Upp War Pro Fac Res Arm Machines Accessed 33 | . 5 . 2 9 2 5 . 4 1 . . . 1 . . 2 . . 2 . Terminals 19 | . 4 . . 5 . 3 . 4 1 . . . . . . . . . 2 . Fabricators . | . . . . . . . . . . . . . . . . . . . . . Repair Stations 2 | . 1 . . . . 1 . . . . . . . . . . . . . . Recycling Units 5 | . . . . 4 . 1 . . . . . . . . . . . . . . Scanalyzers . | . . . . . . . . . . . . . . . . . . . . . Garrison Access 1 | . . . . . . . . . . . . . 1 . . . . . . . Total Hacks 97 | . 12 . 14 28 12 8 . 8 1 . . . 2 . . 7 . . 5 . Successful 64 | . 5 . 14 15 12 3 . 5 1 . . . . . . 7 . . 2 . Failed 32 | . 7 . . 12 . 5 . 3 . . . . 2 . . . . . 3 . Catastrophic 8 | . 2 . . 2 . 2 . 1 . . . . 1 . . . . . . . Database Lockouts 1 | . . . . 1 . . . . . . . . . . . . . . . . Manual 28 | . 3 . . 16 . 2 . 3 . . . . . . . . . . 4 . Terminals 50 | . 9 . . 22 . 5 . 8 1 . . . . . . . . . 5 . Fabricators . | . . . . . . . . . . . . . . . . . . . . . Repair Stations 4 | . 3 . . . . 1 . . . . . . . . . . . . . . Recycling Units 8 | . . . . 6 . 2 . . . . . . . . . . . . . . Scanalyzers . | . . . . . . . . . . . . . . . . . . . . . Garrison Access 2 | . . . . . . . . . . . . . 2 . . . . . . . Terminal Hacks 50 | . 2 . 14 9 12 1 . 3 1 . . . . . . 7 . . 1 . Record 23 | . . . 13 . 9 . . . 1 . . . . . . . . . . . Robot Analysis 3 | . . . . . 3 . . . . . . . . . . . . . . . Prototype ID Bank 15 | . 2 . . 7 . . . . . . . . . . . 6 . . . . Open Door 1 | . . . . . . . . . . . . . . . . 1 . . . . Open DSF 1 | . . . . . . 1 . . . . . . . . . . . . . . Level Access Points 1 | . . . . 1 . . . . . . . . . . . . . . . . Branch Access Points 1 | . . . . . . . . 1 . . . . . . . . . . . . Alert Level 1 | . . . . 1 . . . . . . . . . . . . . . . . Locate Traps 1 | . . . . . . . . . . . . . . . . . . . 1 . Zone Layout 2 | . . . . . . . . 2 . . . . . . . . . . . . Proto ID Catalog 1 | . . . 1 . . . . . . . . . . . . . . . . . Fabricator Hacks . | . . . . . . . . . . . . . . . . . . . . . Repair Station Hacks 2 | . 2 . . . . . . . . . . . . . . . . . . . Scan Component 1 | . 1 . . . . . . . . . . . . . . . . . . . Repair 1 | . 1 . . . . . . . . . . . . . . . . . . . Recycling Unit Hacks 5 | . . . . 4 . 1 . . . . . . . . . . . . . . Retrieve Components 5 | . . . . 4 . 1 . . . . . . . . . . . . . . Scanalyzer . | . . . . . . . . . . . . . . . . . . . . . Garrison Access Hacks . | . . . . . . . . . . . . . . . . . . . . . Unauthorized Hacks 7 | . 1 . . 2 . 1 . 2 . . . . . . . . . . 1 . Terminals 7 | . 1 . . 2 . 1 . 2 . . . . . . . . . . 1 . Botnet 7 | . 1 . . 2 . 1 . 2 . . . . . . . . . . 1 . Fabricators . | . . . . . . . . . . . . . . . . . . . . . Repair Stations . | . . . . . . . . . . . . . . . . . . . . . Recycling Units . | . . . . . . . . . . . . . . . . . . . . . Scanalyzers . | . . . . . . . . . . . . . . . . . . . . . Garrison Access . | . . . . . . . . . . . . . . . . . . . . . Data Cores Recovered 1 | . 1 . . . . . . . . . . . . . . . . . . . Used . | . . . . . . . . . . . . . . . . . . . . . Hacking Detections 20 | . 4 . . 7 . 3 . 3 . . . . 1 . . . . . 2 . Full Trace Events 2 | . . . . 1 . . . . . . . . 1 . . . . . . . Feedback Events . | . . . . . . . . . . . . . . . . . . . . . Feedback Blocked . | . . . . . . . . . . . . . . . . . . . . . Robot Schematics Acquired 4 | . . . . . . . . . . . 4 . . . . . . . . . Robots Built . | . . . . . . . . . . . . . . . . . . . . . Authchips . | . . . . . . . . . . . . . . . . . . . . . Time . | . . . . . . . . . . . . . . . . . . . . . Total Robot Build Rating . | . . . . . . . . . . . . . . . . . . . . . Part Schematics Acquired 13 | . . . . . . . . . . . 13 . . . . . . . . . Parts Built . | . . . . . . . . . . . . . . . . . . . . . Authchips . | . . . . . . . . . . . . . . . . . . . . . Time . | . . . . . . . . . . . . . . . . . . . . . Total Part Build Rating . | . . . . . . . . . . . . . . . . . . . . . Parts Repaired 1 | . 1 . . . . . . . . . . . . . . . . . . . Time 26 | . 26 . . . . . . . . . . . . . . . . . . . Parts Recycled . | . . . . . . . . . . . . . . . . . . . . . Recycled Matter . | . . . . . . . . . . . . . . . . . . . . . Retrieved Matter . | . . . . . . . . . . . . . . . . . . . . . Retrieved Components 28 | . . . . 25 . 3 . . . . . . . . . . . . . . Parts Scanalyzed . | . . . . . . . . . . . . . . . . . . . . . Part Schematics Acquired . | . . . . . . . . . . . . . . . . . . . . . Parts Damaged . | . . . . . . . . . . . . . . . . . . . . . Bothacking | -11 -10 -10 -10 -8 -8 -6 -6 -6 -6 -6 -6 -5 -5 -5 -5 -5 -4 -4 -3 -3 ------------ Run | Yrd Mat Min Sub Rec Scr Fac Was Fac Low Low Zio Pro Fac Upp Upp War Pro Fac Res Arm Used RIF Installer . | . . . . . . . . . . . . . . . . . . . . . Robots Hacked . | . . . . . . . . . . . . . . . . . . . . . Non-combat . | . . . . . . . . . . . . . . . . . . . . . Combat . | . . . . . . . . . . . . . . . . . . . . . Robot Hacks Applied . | . . . . . . . . . . . . . . . . . . . . . Relay Couplers Released 1 | . . . . . . . . . . . . . . . . . . 1 . . Machine Destruction 1 | . . . . . . . . . . . . . . . . . . 1 . . Fabnet Peak Effective % . | . . . . . . . . . . . . . . . . . . . . . Robots Rewired 9 | . . . . . . . . . . 2 . . . . . 5 2 . . . Allies Hacked . | . . . . . . . . . . . . . . . . . . . . . Hacks Repelled 1 | . . . . . . . . . . . . 1 . . . . . . . . Allies | -11 -10 -10 -10 -8 -8 -6 -6 -6 -6 -6 -6 -5 -5 -5 -5 -5 -4 -4 -3 -3 -------- Run | Yrd Mat Min Sub Rec Scr Fac Was Fac Low Low Zio Pro Fac Upp Upp War Pro Fac Res Arm Total Allies 72 | . . . 11 . . . . . . 8 . 5 10 6 8 5 8 5 6 . Largest Group 8 | . . . 8 6 5 5 . . . 4 2 6 5 4 4 7 6 4 4 . Highest-Rated Group 403 | . . . 150 112 93 93 . . . 324 61 385 324 324 324 353 403 324 324 . Highest-Rated Ally 81 | . . . 19 19 19 19 . . . 81 32 81 81 81 81 75 81 81 81 . Total Orders 3 | . . . . . . . . . . . . . 1 . . 2 . . . . STAY 1 | . . . . . . . . . . . . . . . . 1 . . . . FOLLOW 1 | . . . . . . . . . . . . . . . . 1 . . . . RETURN 1 | . . . . . . . . . . . . . 1 . . . . . . . Ally Attacks 488 | . . . 32 6 . 33 . . . 22 . 78 64 30 65 25 24 48 61 . Total Damage 15333 | . . . 488 101 . 445 . . . 587 . 2233 2933 1250 1987 1057 1807 1127 1318 . Kills 119 | . . . 3 2 . 3 . . . 3 . 19 28 13 17 6 9 8 8 . Allies Corrupted . | . . . . . . . . . . . . . . . . . . . . . Allies Melted 1 | . . . . . . . . . . . . . . . . . 1 . . . Intel | -11 -10 -10 -10 -8 -8 -6 -6 -6 -6 -6 -6 -5 -5 -5 -5 -5 -4 -4 -3 -3 ------- Run | Yrd Mat Min Sub Rec Scr Fac Was Fac Low Low Zio Pro Fac Upp Upp War Pro Fac Res Arm Active Infowar (turns) 19927 | . . 326 776 . . 1729 635 1272 1655 1152 1151 1097 2081 602 1628 1552 1073 442 2756 . Optics 18260 | . . . . . . 1174 635 1272 1645 1152 1151 1097 2081 602 1628 1552 1073 442 2756 . Sensors 3282 | . . 326 776 . . 555 618 931 76 . . . . . . . . . . . Traps 21 | . . . . . . . . . . . . . . . . . . . 21 . Jamming 1 | . . . . . . . . . 1 . . . . . . . . . . . Robot Analysis Total 3 | . . . . . 3 . . . . . . . . . . . . . . . Derelict Logs Recovered 19 | . . 3 2 . 3 . . . 2 . 2 2 . 1 1 . 3 . . . Drone Launches 1 | . . . . . . . . . . . . . 1 . . . . . . . Drone Recoveries 1 | . . . . . . . . . . . . . 1 . . . . . . . Exploration | -11 -10 -10 -10 -8 -8 -6 -6 -6 -6 -6 -6 -5 -5 -5 -5 -5 -4 -4 -3 -3 ------------- Run | Yrd Mat Min Sub Rec Scr Fac Was Fac Low Low Zio Pro Fac Upp Upp War Pro Fac Res Arm Turns Passed 30848 | 64 477 665 4119 1375 3171 1734 635 1272 2254 1563 2229 1097 2081 602 1628 1552 1073 442 2769 46 Spaces Moved 14536 | 50 282 442 2044 541 1300 747 344 525 1214 891 944 425 812 339 962 757 555 233 1038 91 Core 265 | 15 . . . . . . . . 5 127 . . . . . . . . 27 91 Treads 13577 | . . 175 2044 541 1300 747 344 525 1209 764 944 425 740 301 962 757 555 233 1011 . Legs 584 | 35 282 267 . . . . . . . . . . . . . . . . . . Wheels 110 | . . . . . . . . . . . . . 72 38 . . . . . . Hover . | . . . . . . . . . . . . . . . . . . . . . Flight . | . . . . . . . . . . . . . . . . . . . . . Fastest Speed 50 | 50 120 120 160 240 240 160 160 160 160 50 163 242 99 99 160 160 160 162 50 50 Average Speed 180 | 99 120 135 183 240 240 169 160 160 163 151 232 242 162 154 160 160 160 162 190 50 Slowest Speed 1000 | 120 120 160 240 240 240 240 240 160 1000 243 243 243 325 240 160 162 162 162 490 50 Overloaded Moves . | . . . . . . . . . . . . . . . . . . . . . Propulsion Burnouts . | . . . . . . . . . . . . . . . . . . . . . Robots Hopped . | . . . . . . . . . . . . . . . . . . . . . Potential Cave-ins . | . . . . . . . . . . . . . . . . . . . . . Cave-ins Triggered . | . . . . . . . . . . . . . . . . . . . . . Exploration Rate (%) 59 | 4 45 84 88 91 82 17 97 15 98 81 89 67 30 64 97 84 70 8 32 11 Regions Visited 20 Branch Regions 13 Pre-discovered Areas 5 | . . 1 1 . 1 . . . . . 2 . . . . . . . . . Known Exits Taken 7 | . . . 1 . 1 . . 1 . . . 1 1 . . . . 1 1 . Unknown Exits Taken 11 | 1 1 1 . 1 . . . . 1 1 1 . . 1 1 1 1 . . . Scrap Searched 37 | . . 1 6 . 6 . . . 4 6 3 4 . 2 2 . 3 . . . Spaces Dug 174 | . . . 51 . . 9 . 10 . . . . 13 . . . . 31 60 . Terrain Destroyed 1391 | . . . 187 . . 19 4 208 46 20 . 26 308 18 37 3 58 38 419 . Melee . | . . . . . . . . . . . . . . . . . . . . . Projectile 510 | . . . 9 . . 19 4 69 46 20 . 2 72 18 37 3 31 8 172 . AOE 881 | . . . 178 . . . . 139 . . . 24 236 . . . 27 30 247 . Terrain Rammed . | . . . . . . . . . . . . . . . . . . . . . Walls Destroyed . | . . . . . . . . . . . . . . . . . . . . . Machines Disabled . | . . . . . . . . . . . . . . . . . . . . . Actions | -11 -10 -10 -10 -8 -8 -6 -6 -6 -6 -6 -6 -5 -5 -5 -5 -5 -4 -4 -3 -3 --------- Run | Yrd Mat Min Sub Rec Scr Fac Was Fac Low Low Zio Pro Fac Upp Upp War Pro Fac Res Arm Total 17633 | 63 364 489 2277 612 1355 1018 405 800 1397 1062 988 485 1251 399 1016 1091 696 280 1494 91 Wait 1548 | . 42 25 79 45 39 111 29 174 98 75 7 37 214 28 23 243 85 27 167 . Move 14517 | 49 281 441 2043 540 1299 747 343 524 1213 890 943 424 811 338 961 756 554 232 1037 91 Hop . | . . . . . . . . . . . . . . . . . . . . . Pick Up 182 | 9 3 3 19 5 8 11 6 9 6 27 14 6 13 6 2 7 2 2 24 . Fast Attach 85 | 3 2 1 1 . 1 7 2 2 6 13 . 1 13 1 1 4 2 1 24 . Attach 73 | 2 1 . 1 . . 7 . . 8 12 8 . 8 2 1 1 2 1 19 . Detach 20 | . . . 1 . . . . . 3 3 3 . 4 . . . 1 . 5 . Swap 147 | . 3 5 18 5 1 15 6 9 5 3 3 6 24 10 2 6 4 5 17 . Drop 177 | . 3 4 9 8 7 21 9 11 10 12 9 7 14 5 1 16 5 1 25 . Fire 784 | . 28 9 106 8 . 97 10 68 48 18 1 4 147 9 25 2 23 8 173 . Melee . | . . . . . . . . . . . . . . . . . . . . . Ram . | . . . . . . . . . . . . . . . . . . . . . Kick 2 | . 1 1 . . . . . . . . . . . . . . . . . . Crush 15 | . . . . 1 . 2 . 3 . . . . 3 . . . . 3 3 . Escape Stasis . | . . . . . . . . . . . . . . . . . . . . . Rewire 74 | . . . . . . . . . . 8 . . . . . 48 18 . . . Trap . | . . . . . . . . . . . . . . . . . . . . . Miscellaneous 9 | . . . . . . . . . . 1 . . . . . 8 . . . . Route ------- -11/Scrapyard -10/Materials (discovered 2 exits: [*Mat] / [*Min]) -10/Mines (discovered 2 exits: [*Mat] / *Sub) -10/Subcaves (discovered 3 exits: [*Mat x2] / *Rec) -8/Recycling (discovered 2 exits: *Fac / *Scr) -8/Scraptown (discovered 2 exits: *Fac x2) -6/Factory -6/Waste -6/Factory (discovered 2 exits: *Low x2) -6/Lower Caves -6/Lower Caves (discovered 2 exits: *Fac / [*Zio]) -6/Zion -5/Proximity Caves -5/Factory (discovered 4 exits: [*Fac x2] / *Upp x2) -5/Upper Caves -5/Upper Caves (discovered 2 exits: [*Fac] / *War) -5/Warlord -4/Proximity Caves -4/Factory (discovered 2 exits: *Res x2) -3/Research -3/Armory History --------- Turn | Location | Event 21 | -11/Scrapyard | Discovered new exit (range 14) 65 | -11/Scrapyard | Entered Materials 315 | -10/Materials | Build established: Mutant 321 | -10/Materials | Repaired Lgt. Armor Plating 362 | -10/Materials | Discovered new exit (range 6) 518 | -10/Materials | Discovered new exit (range 12) 542 | -10/Materials | Entered Mines 617 | -10/Mines | Learned location of 2 exits from Materials 622 | -10/Mines | Learned Materials emergency access door positions 805 | -10/Mines | Found a damaged Exp. Sensor Array with a note attached 808 | -10/Mines | Found Prototype Device 808 | -10/Mines | Identified Exp. Sensor Array 852 | -10/Mines | Learned location of Storage (-8) 898 | -10/Mines | Received a Rocket Launcher from a helpful Derelict 900 | -10/Mines | Discovered new exit (range 13) 938 | -10/Mines | Discovered new exit (range 5) 1207 | -10/Mines | Entered Subcaves 1523 | -10/Subcaves | Ambushed by Subdweller buried in earth 1735 | -10/Subcaves | Shifting Twisted Machinery released Mak. Light Armor Plating 1739 | -10/Subcaves | Shifting Twisted Machinery released Mak. Light Armor Plating 1814 | -10/Subcaves | Core integrity fell below 50% 2533 | -10/Subcaves | Visited triangular shrine 2543 | -10/Subcaves | Found Prototype Device 2569 | -10/Subcaves | Identified V3-11A's Pendant 2579 | -10/Subcaves | Befriended Subdweller 3132 | -10/Subcaves | Disturbed a concealed Subdweller 3139 | -10/Subcaves | Befriended Subdweller 3264 | -10/Subcaves | Befriended Subdweller 3264 | -10/Subcaves | Befriended Subdweller 3279 | -10/Subcaves | Befriended Subdweller 3279 | -10/Subcaves | Befriended Subdweller 3317 | -10/Subcaves | Discovered new exit (range 7) 3343 | -10/Subcaves | A swath of the cavern ceiling suddenly collapsed 3369 | -10/Subcaves | Visited Clippyterm 3374 | -10/Subcaves | Identified exit to Recycling 3374 | -10/Subcaves | Learned Factory stockpile data 3419 | -10/Subcaves | Befriended Subdweller 3424 | -10/Subcaves | Befriended Subdweller 3689 | -10/Subcaves | Befriended Subdweller 3699 | -10/Subcaves | Befriended Subdweller 3728 | -10/Subcaves | Shifting Twisted Machinery released Sub. Laser 3746 | -10/Subcaves | Shifting Twisted Machinery released Sub. Monowheel 3979 | -10/Subcaves | Shifting Twisted Machinery released Battle Cannon 3981 | -10/Subcaves | Shifting Twisted Machinery released Scrap Shield 4224 | -10/Subcaves | Befriended Subdweller 4428 | -10/Subcaves | Learned 4 Materials zone layouts 4509 | -10/Subcaves | Discovered new exit (range 15) 4534 | -10/Subcaves | Learned location of Zion (-6) 4534 | -10/Subcaves | Met a Zionite searching for "candidates" 4646 | -10/Subcaves | Visited 4L-MR0's lab 4667 | -10/Subcaves | Found Gun Armor 5326 | -10/Subcaves | Entered Recycling 5326 | -8/Recycling | Accompanied by 6 allies 5862 | -8/Recycling | Scanned before Scraplab entrance 6200 | -8/Recycling | Identified exit to Factory 6654 | -8/Recycling | Entered Scraplab 6673 | -8/Recycling | Discovered new exit (range 3) 6701 | -8/Recycling | Entered Scraptown 6701 | -8/Scraptown | Accompanied by 5 allies 6869 | -8/Scraptown | Delivered V3-11A's Pendant to T0-NE2 in exchange for information 7001 | -8/Scraptown | Visited Spacefarers 7037 | -8/Scraptown | Visited Red Mages 7113 | -8/Scraptown | Visited IN-MT5's Study 7233 | -8/Scraptown | Visited Fellowship of the Rings 7269 | -8/Scraptown | Visited UFD Registry 7269 | -8/Scraptown | Registered with UFD as "Datasink" 7313 | -8/Scraptown | Visited Comm Corps 7365 | -8/Scraptown | Visited TADAMA 7430 | -8/Scraptown | Heard Great Nut preacher, LISTEN AND RECITE! 7447 | -8/Scraptown | Scanned Subdweller tech in exchange for log data 7464 | -8/Scraptown | Learned Factory interactive machine intel 7466 | -8/Scraptown | Learned location of Armory (-3) 7469 | -8/Scraptown | Learned Research trap positions 7521 | -8/Scraptown | Discovered exit to Factory (range 11) 8428 | -8/Scraptown | Visited Science Guys 8468 | -8/Scraptown | Visited Scrapoid Research Area 8538 | -8/Scraptown | Delivered Scrap Shield to a Scientist 8776 | -8/Scraptown | Visited Scrap Suit Storage 8814 | -8/Scraptown | Visited Scrapoid Pod Storage 8848 | -8/Scraptown | Visited Analyses Database 8894 | -8/Scraptown | Visited Modified Component R&D 9010 | -8/Scraptown | Visited A0-MCA Data Center 9024 | -8/Scraptown | Given a B rating by A0-MCA 9056 | -8/Scraptown | Found A0-MCA's Component Scanner 9136 | -8/Scraptown | Visited Derelict Rescue Squad 9188 | -8/Scraptown | Found DRS Beacon 9816 | -8/Scraptown | Discovered exit to Factory (range 5) 9872 | -8/Scraptown | Entered Factory 9872 | -6/Factory | Accompanied by 5 allies 9872 | -6/Factory | Evolved 8 slots: Propulsion x2, Utility x4, Weapon x2 9874 | -6/Factory | Loaded intel: 54 interactive machine locations 10605 | -6/Factory | Build established: Derelict-Tank 11305 | -6/Factory | Build established: Tank 11606 | -6/Factory | Sucked down chute 11606 | -6/Factory | Entered Waste 11606 | -6/Waste | The area was eerily silent 11656 | -6/Waste | A Compactor rumbled back to life 11657 | -6/Waste | Destroyed C-40 Crusher 11940 | -6/Waste | Discovered new exit (range 12) 11981 | -6/Waste | Build established: Scavenger-Tank 12241 | -6/Waste | Entered Factory 12929 | -6/Factory | Identified exit to Lower Caves 13291 | -6/Factory | First assault squad dispatched 13458 | -6/Factory | Destroyed 9 combat bots 13513 | -6/Factory | Entered Lower Caves 13515 | -6/Lower Caves | UFD Scientist delivered a prototype 13518 | -6/Lower Caves | Found Prototype Protection 13518 | -6/Lower Caves | Identified Enh. Scrap Shield 13527 | -6/Lower Caves | Spotted B-75 Beast 13597 | -6/Lower Caves | Destroyed B-75 Beast 13847 | -6/Lower Caves | Learned Factory interactive machine intel 13849 | -6/Lower Caves | Learned Factory emergency access door positions 14453 | -6/Lower Caves | Discovered new exit (range 9) 15767 | -6/Lower Caves | Entered another Lower Caves area 16064 | -6/Lower Caves | Prototype Device suddenly appears! 16070 | -6/Lower Caves | Found Prototype Device 16070 | -6/Lower Caves | Identified Amulet of Y3-NDR 16096 | -6/Lower Caves | Joined by bewildered Wizard 16097 | -6/Lower Caves | Joined by bewildered Wizard 16098 | -6/Lower Caves | Joined by bewildered Wizard 16107 | -6/Lower Caves | Discovered new exit (range 4) 16158 | -6/Lower Caves | Joined by bewildered Wizard 16238 | -6/Lower Caves | Spotted B-75 Beast 16255 | -6/Lower Caves | Allies destroyed B-75 Beast 16291 | -6/Lower Caves | Joined by bewildered Wizard 16291 | -6/Lower Caves | Joined by bewildered Wizard 16541 | -6/Lower Caves | Ambushed by research squad 16884 | -6/Lower Caves | Attracted the attention of an 0b10 outpost 16885 | -6/Lower Caves | Activated DRS Beacon 16916 | -6/Lower Caves | Core integrity fell below 50% 16919 | -6/Lower Caves | Released all parts (6) 16950 | -6/Lower Caves | Lost 7 parts (1p3n1u2w) 16972 | -6/Lower Caves | Discovered new exit (range 5) 17330 | -6/Lower Caves | Entered Zion 17330 | -6/Zion | Accompanied by 2 allies 17405 | -6/Zion | Learned Factory terminal intel 17452 | -6/Zion | System corruption cleaned by Quarantine Array 17459 | -6/Zion | System corruption cleaned by Quarantine Array 17731 | -6/Zion | Discovered new exit (range 10) 17840 | -6/Zion | Learned Factory emergency access door positions 17854 | -6/Zion | Visited the Megawrench Repair Shop 17854 | -6/Zion | Megawrench repaired 12 parts 18167 | -6/Zion | Found Phasing AFG 18401 | -6/Zion | Found Exp. Hacking Suite 18407 | -6/Zion | Found Spectral Analyzer 18657 | -6/Zion | Given the Hacking Drone Bay 18659 | -6/Zion | Found Hacking Drone Bay 18879 | -6/Zion | Turned away by Imprinter 19135 | -6/Zion | Learned location of Warlord (-5) 19559 | -6/Zion | Entered Proximity Caves 19559 | -5/Proximity Caves | Accompanied by 2 allies 19560 | -5/Proximity Caves | Identified exit to Factory 19679 | -5/Proximity Caves | Joined by bewildered Wizard 19680 | -5/Proximity Caves | Joined by bewildered Wizard 19681 | -5/Proximity Caves | Joined by bewildered Wizard 19708 | -5/Proximity Caves | Joined by bewildered Wizard 19815 | -5/Proximity Caves | Spotter reported a threat 19892 | -5/Proximity Caves | Attracted the attention of an 0b10 checkpoint 20522 | -5/Proximity Caves | Joined by bewildered Wizard 20578 | -5/Proximity Caves | System corruption reached 10% 20656 | -5/Proximity Caves | Entered Factory 20656 | -5/Factory | Accompanied by 5 allies 20656 | -5/Factory | Evolved 2 slots: Propulsion x1, Utility x1 20657 | -5/Factory | Identified exit to Upper Caves 20659 | -5/Factory | Loaded intel: 56 interactive machine locations 20660 | -5/Factory | Loaded intel: 28 terminal locations 20831 | -5/Factory | Garrison activated, responded to threat 20864 | -5/Factory | Joined by bewildered Wizard 20864 | -5/Factory | Joined by bewildered Wizard 20887 | -5/Factory | Lost 5 allies 20920 | -5/Factory | Joined by bewildered Wizard 20921 | -5/Factory | Joined by bewildered Wizard 21141 | -5/Factory | Joined by bewildered Wizard 21142 | -5/Factory | Joined by bewildered Wizard 21144 | -5/Factory | Joined by bewildered Wizard 21229 | -5/Factory | Joined by bewildered Wizard 21241 | -5/Factory | Joined by bewildered Wizard 21256 | -5/Factory | First assault squad dispatched 21343 | -5/Factory | Joined by bewildered Wizard 21356 | -5/Factory | Discovered new exit (range 12) 21385 | -5/Factory | Lost 3 allies 21401 | -5/Factory | Destroyed 7 combat bots 22367 | -5/Factory | Discovered new exit (range 24) 22484 | -5/Factory | Lost 4 parts (2n2w) 22606 | -5/Factory | High security lockdown imminent 22686 | -5/Factory | High security lockdown engaged 22686 | -5/Factory | Lost 6 parts (2n2u2w) 22737 | -5/Factory | Entered Upper Caves 22750 | -5/Upper Caves | Attracted the attention of an 0b10 checkpoint 22814 | -5/Upper Caves | Joined by bewildered Wizard 22814 | -5/Upper Caves | Joined by bewildered Wizard 22814 | -5/Upper Caves | Joined by bewildered Wizard 22840 | -5/Upper Caves | Joined by bewildered Wizard 22859 | -5/Upper Caves | Learned Factory emergency access door positions 22887 | -5/Upper Caves | System corruption reached 10% 22982 | -5/Upper Caves | Build established: Scavenger-Gunner 23043 | -5/Upper Caves | Joined by bewildered Wizard 23043 | -5/Upper Caves | Joined by bewildered Wizard 23090 | -5/Upper Caves | Ambushed by wild Derelicts 23273 | -5/Upper Caves | Discovered new exit (range 13) 23339 | -5/Upper Caves | Entered another Upper Caves area 23339 | -5/Upper Caves | Accompanied by 4 allies 23379 | -5/Upper Caves | Attacked by a faux Warlord 23394 | -5/Upper Caves | Joined by bewildered Wizard 23394 | -5/Upper Caves | Joined by bewildered Wizard 23396 | -5/Upper Caves | Joined by bewildered Wizard 23487 | -5/Upper Caves | Discovered new exit (range 15) 23491 | -5/Upper Caves | Joined by bewildered Wizard 23492 | -5/Upper Caves | Joined by bewildered Wizard 23493 | -5/Upper Caves | Joined by bewildered Wizard 23518 | -5/Upper Caves | Lost 3 allies 23716 | -5/Upper Caves | Learned location of 1 exit from Factory 23727 | -5/Upper Caves | Lost 3 allies 23747 | -5/Upper Caves | Joined by bewildered Wizard 23749 | -5/Upper Caves | Joined by bewildered Wizard 24021 | -5/Upper Caves | Discovered new exit (range 12) 24251 | -5/Upper Caves | Entered a destroyed Warlord outpost 24967 | -5/Upper Caves | Entered Warlord 24967 | -5/Warlord | Accompanied by 2 allies 25023 | -5/Warlord | System corruption cleaned by Quarantine Array 25049 | -5/Warlord | System corruption cleaned by Quarantine Array 25647 | -5/Warlord | Visited the Vortex Lab 25659 | -5/Warlord | Warlord's base attacked by MAIN.C 25660 | -5/Warlord | Found Vortex Shotgun 25664 | -5/Warlord | Found Vortex Shotgun 26009 | -5/Warlord | Warlord forces counterattacked 26091 | -5/Warlord | Found Vortex Chain Reactor 26103 | -5/Warlord | Found Exp. Armor Integrity Analyzer 26247 | -5/Warlord | Rebuked by Warlord 26334 | -5/Warlord | Warlord base infiltrated, sounded retreat 26415 | -5/Warlord | Found Chain Missile Launcher 26459 | -5/Warlord | Spotted Executioner 26475 | -5/Warlord | Allies destroyed Executioner 26477 | -5/Warlord | Discovered new exit (range 21) 26512 | -5/Warlord | Lost 8 allies 26519 | -5/Warlord | Entered Proximity Caves 26519 | -4/Proximity Caves | Accompanied by 2 allies 26521 | -4/Proximity Caves | Learned Research terminal intel 26536 | -4/Proximity Caves | Joined by bewildered Wizard 26537 | -4/Proximity Caves | Joined by bewildered Wizard 26541 | -4/Proximity Caves | Joined by bewildered Wizard 26577 | -4/Proximity Caves | Joined by bewildered Wizard 26779 | -4/Proximity Caves | Learned Research garrison access intel 26911 | -4/Proximity Caves | Attracted the attention of an 0b10 outpost 26947 | -4/Proximity Caves | Joined by bewildered Wizard 26947 | -4/Proximity Caves | Joined by bewildered Wizard 26954 | -4/Proximity Caves | Lost 6 allies 26986 | -4/Proximity Caves | Build established: Scavenger-Tank 27078 | -4/Proximity Caves | Lost 4 allies 27107 | -4/Proximity Caves | Learned location of 1 exit from Research 27548 | -4/Proximity Caves | Discovered new exit (range 5) 27583 | -4/Proximity Caves | Spotted B-86 Titan 27592 | -4/Proximity Caves | Entered Factory 27592 | -4/Factory | Evolved 2 slots: Power x1, Utility x1 27593 | -4/Factory | Identified exit to Research 27628 | -4/Factory | Joined by bewildered Wizard 27628 | -4/Factory | Joined by bewildered Wizard 27739 | -4/Factory | Joined by bewildered Wizard 27740 | -4/Factory | Joined by bewildered Wizard 27876 | -4/Factory | Garrison activated, responded to threat 27934 | -4/Factory | Discovered exit to Research (range 13) 27965 | -4/Factory | Lost 3 allies 27994 | -4/Factory | Build established: Scavenger-Gunner 28034 | -4/Factory | Entered Research 28034 | -3/Research | Evolved 2 slots: Utility x1, Weapon x1 28035 | -3/Research | Identified exit to Armory 28036 | -3/Research | Loaded intel: 99 trap records 28037 | -3/Research | Loaded intel: 23 terminal locations 28038 | -3/Research | Loaded intel: 4 garrison access locations 28223 | -3/Research | Garrison activated, responded to threat 28304 | -3/Research | Joined by bewildered Wizard 28305 | -3/Research | Joined by bewildered Wizard 28317 | -3/Research | Joined by bewildered Wizard 28317 | -3/Research | Joined by bewildered Wizard 28416 | -3/Research | Joined by bewildered Wizard 28738 | -3/Research | Joined by bewildered Wizard 28784 | -3/Research | First assault squad dispatched 29001 | -3/Research | Lost 3 parts (2n1u) 29901 | -3/Research | Found Exp. Target Analyzer 29998 | -3/Research | System corruption reached 10% 30031 | -3/Research | Lost 4 parts (1p1n1u1w) 30045 | -3/Research | Destroyed 9 combat bots 30275 | -3/Research | Build established: Gunner 30392 | -3/Research | High security lockdown imminent 30414 | -3/Research | Lost 3 parts (1u2w) 30456 | -3/Research | Destroyed 13 combat bots 30472 | -3/Research | High security lockdown engaged 30514 | -3/Research | Lost 4 parts (3n1w) 30790 | -3/Research | Spotted Investigator 30790 | -3/Research | Released all parts (8) 30793 | -3/Research | Spotted Investigator 30798 | -3/Research | Core integrity fell below 50% 30803 | -3/Research | Entered Armory 30816 | -3/Armory | Lost 6 parts (1p2n1u2w) 30842 | -3/Armory | Core integrity fell below 20% 30849 | -3/Armory | Destroyed by S-43 Plague with Heavy Machine Gun Last Messages --------------- 30793_ G-67 Veteran unfolds itself. 30793_ L-61 Swordsman unfolds itself. 30793_ E-15 Imp unfolds itself. 30793_ Investigator unfolds itself. 30793_ Investigator: "PRIMARY THREAT IDENTIFIED. CONTAINMENT PROTOCOL APPLICABLE." 30794_ The unstable cave ceiling collapses. 30796_ Penetrated by Slug. 30797_ Slug penetrates Wall. 30801_ Slug penetrates Y-72 Warden. 30801_ Slug penetrates Wall. 30802_ The unstable cave ceiling collapses. 30802_ Slug penetrates Y-72 Warden. LOCATION=ARMORY GOAL=ESCAPE 30828_ VQ3:XLMSMY#%J1/FYLVL 30834_ O-32 Director: "IFF HANDSHAKE FAILED. SECURING TERMINAL." 30838_ ALERT: Hostiles spotted, dispatching reinforcements to Terminal A008. Map ----- +----------------------------------------------------+ | | | | | ?????????????????????????????????????????????????? | | ?????????????????????????????????????????????????? | | ?????????????????????????????????????????????????? | | ?????????????????????????????????????????????????? | | ?????????????????????????????????????????????????? | | ?????????????????????????????????????????????????? | | ?????????????????????????????????????????????????? | | ?????????????????????????????????????????????????? | | ?????????????????????????????????????????????????? | | ?????????????????????????????????????????######### | | ?????????????????????????????????????????# | | ?????????????????????????????????????????# | | ?????????????????????????????????????????# | | ?????????????????????????????????????????# | | ?????????????????????????????????????????# == | | ?????????????????????????????????????????# == | | ?????????????????????????????????????????# | | ?????????????????????????????????????????# == | | ?????????????????????????????????????????# == | | ?????????????????????????????????????????# | | ???????????########+#############+#+###########+#+ | | ?????????? | | ?????????? s w s | | ?????????? @ s | | ?????????? ss s | | ?????????????##############+############+######+## | | ?????????????????????????= ?????# # | | ??????????????????????? ???# = # | | ????????????????????? ! """ """ ?# # | | ????????????????????# """ """ # # | | ????????????????????# """ """ # """"T"""" + | | ????????????????????# # """"""""""" # | | ????????????????????##############?############### | | ?????????????????????????????????????????????????? | | ?????????????????????????????????????????????????? | | ?????????????????????????????????????????????????? | | ?????????????????????????????????????????????????? | | ?????????????????????????????????????????????????? | | ?????????????????????????????????????????????????? | | ?????????????????????????????????????????????????? | | ?????????????????????????????????????????????????? | | ?????????????????????????????????????????????????? | | ?????????????????????????????????????????????????? | | ?????????????????????????????????????????????????? | | ?????????????????????????????????????????????????? | | ?????????????????????????????????????????????????? | | ?????????????????????????????????????????????????? | | ?????????????????????????????????????????????????? | +----------------------------------------------------+ Best States ------------- Heat Dissipation 136 Energy Generation 55 Energy Capacity 700 Matter Stores 600 Matter Capacity 600 Sight Range 24 Robot Scan Range 20 Terrain Scan Density 10 Armor Coverage 1600 Weapon Cycling 30 Phase Shifting 5 Evasion (%) 55 Target Analysis 10 Armor Integrity Analysis 50 Recoil Reduction 5 Matter Filtering 30 Particle Charging 20 Offensive Hacking 10 Item Schematics ----------------- Adv. Recoil Stabilizer | -6/Zion | Archive Flexi-carbon Leg | -6/Zion | Archive Adv. Signal Interpreter | -6/Zion | Archive Hardcell Cannon | -6/Zion | Archive Enh. Gauss Cannon | -6/Zion | Archive Power Amplifier | -6/Zion | Archive Hyp. Gauss Cannon | -6/Zion | Archive Imp. Core Shielding | -6/Zion | Archive Lrn. Tractor Beam | -6/Zion | Archive Proton Cannon | -6/Zion | Archive Imp. Focal Shield | -6/Zion | Archive Thermal Shield | -6/Zion | Archive Phase Gun | -6/Zion | Archive Robot Schematics ------------------ K-01 Serf | -6/Zion | Archive A-15 Conveyor | -6/Zion | Archive W-25 Informer | -6/Zion | Archive G-73 Enforcer | -6/Zion | Archive Fabricated ------------ Nothing Repaired ---------- Lgt. Armor Plating | 12% | -10/Materials Alien Tech Used ----------------- None Achievements -------------- None Challenges ------------ None Game ------ Seed CompactTargetingDirector Manual? 0 Play Time 03:46:57 Cumulative 322.6 hours Start 2025.07.16 @ 19:00:28 End 2025.07.19 @ 18:43:02 Sessions 13 Manual Loads 0 Difficulty Rogue Special Mode None Game No. 161 Rogue 161 Adventurer 0 Explorer 0 Win Type - Total 7 Types 4/0/2/0/0/0/0/0/0/1 Lore% 81 Gallery% 81 Achievement% 67 Wizard Run 0 Options --------- Layout 1 ASCII 0 Keyboard 0 Movement Mouse Keybinds 0 Fullscreen 1 Font 24/Smallcaps Map View 50x35 Zoom Use 0% Tactical HUD 1 Map Filters NONE Filters NONE Steam 1 RUN: 02a53bbe-320a-4c1d-8749-6afe15ceba74